 Dungeon Crawl Stone Soup version 0.30-a0-782-ge64f9170bb (webtiles) character file.

Game seed: 4845044281894652556

141 senseless the Insei (level 5, -4/33 HPs)
             Began as an Octopode Transmuter on Mar 15, 2023.
             Slain by a steam dragon (5 damage)
             ... on level 3 of the Dungeon.
             The game lasted 00:06:54 (1948 turns).

senseless the Insei (Octopode Transmuter)           Turns: 1948, Time: 00:06:55

Health: -4/33      AC:  1    Str: 12    XL:     5   Next: 24%
Magic:  6/8        EV: 11    Int: 15    God:
Gold:   167        SH: 12    Dex: 12    Spells: 8/9 levels left

rFire   . . .      SeeInvis .      - Unarmed
rCold   . . .      Faith    .    b - +5 Storm Queen's Shield {shock, Fly rElec}
rNeg    . . .      Spirit   .    (helmet currently unavailable)
rPois   .          Reflect  .    (no amulet)
rElec   +          Harm     .    h - ring of resist corrosion
rCorr   +          Rampage  .    (no ring)
Will    .....                    (no ring)
Stlth   +++                      (no ring)
HPRegen 0.25/turn                (no ring)
MPRegen 0.11/turn                (no ring)
                                 (no ring)
                                 (no ring)

@: appendages, flying, very slightly contaminated
A: tentacle spike 3, almost no armour, amphibious, 8 rings, camouflage 1,
gelatinous body 1, (nimble swimmer 1), tentacles
a: End Transformation


You were on level 3 of the Dungeon.
One of your tentacles had grown a beastly spike.
You visited 1 branch of the dungeon, and saw 3 of its levels.

You collected 167 gold pieces.

Inventory:

Hand Weapons
 l - a +0 dagger
Armour
 b - the +5 Storm Queen's Shield (worn) {shock, Fly rElec}
   (You acquired it on level 1 of the Dungeon)

   Shock:     When it blocks an attack, it may electrocute the attacker.
   This works even against foes who are a short distance away.
   rElec:     It insulates you from electricity.
   Fly:       It grants you flight.
Jewellery
 h - a ring of resist corrosion (left tentacle)
Wands
 j - a wand of flame (20)
Scrolls
 d - 3 scrolls of teleportation
 k - a scroll of blinking
Potions
 a - a potion of lignification
 c - 2 potions of curing
 e - a potion of might
 f - 2 potions of cancellation
 g - a potion of haste {unknown}
 i - 3 potions of heal wounds


   Skills:
 + Level 1.2 Fighting
 + Level 2.2 Dodging
 + Level 1.2 Stealth
 + Level 0.7 Shields
 + Level 4.3 Unarmed Combat
 + Level 2.6 Spellcasting
 + Level 3.1 Transmutations


You had 8 spell levels left.
You knew the following spells:

 Your Spells              Type           Power      Damage    Failure   Level
a - Beastly Appendage     Tmut           22%        N/A       21%         1

Your spell library contained the following spells:

 Spells                   Type           Power      Damage    Failure   Level
 Wereblood                Tmut           11%        N/A       30%         2
 Cigotuvi's Dreadful Rot  Necr/Pois/Air  2%         N/A       73%         2
 Poisonous Vapours        Pois/Air       2%         N/A       73%         2
 Spider Form              Tmut/Pois      6%         N/A       75%         3
 Mephitic Cloud           Conj/Pois/Air  1%         N/A       91%         3
 Ice Form                 Ice/Tmut       6%         N/A       98%         4


Dungeon Overview and Level Annotations

Branches:
Dungeon (3/15)

Altars:


Innate Abilities, Weirdness & Mutations

One of your tentacles has grown a beastly spike.
You cannot wear most types of armour.
You are amphibious.
You can wear up to eight rings at the same time.
Your skin changes colour to match your surroundings (Stealth+).
Your rubbery body absorbs attacks. (AC +1, EV +1)
((You are camouflaged when in or above water. (Stealth+)))
You have tentacles for arms and can constrict up to eight enemies at once.


Message History

You have reached level 5!
You feel stronger.
Casting: Beastly Appendage (safe; 21% risk of failure)
Confirm with . or Enter, or press ? or * to list all spells.
Okay, then.
Your magical contamination has completely faded away.
Your tentacle spike disappears.
Magic restored.
HP restored.
k - a scroll of blinking You see here a hound corpse.
You reach down and open the door.
Found a dagger.
There is an open door here.
You see here a +0 dagger.
A steam dragon comes into view.
The steam dragon moves out of view.
A steam dragon is nearby!
You miscast Beastly Appendage.
You are very lightly contaminated with residual magic.
Nothing appears to happen.
One of your tentacles grows a vicious spike.
Found a scroll labelled GULALY WUZUMO.
Found a stone staircase leading down.
The steam dragon closely misses you. The steam dragon barely misses you.
You tentacle-slap the steam dragon.
Your tentacle spike misses the steam dragon.
The steam dragon is lightly wounded.
The steam dragon breathes steam at you. The ball of steam hits you!
You barely miss the steam dragon. Your squeeze misses the steam dragon.
The steam dragon is lightly wounded.
You are engulfed in a cloud of scalding steam.
The steam dragon bites you!
* * * LOW HITPOINT WARNING * * *
The steam dragon barely misses you.
You are too injured to fight recklessly!
The steam dragon bites you!
* * * LOW HITPOINT WARNING * * *
The steam dragon claws you.
You die...

### #...##.#
#...##.#
#...##.##.
#...##..#.
#...###.#.
##### #.#.#
##...## .
#.....## ...
#...§.@##.....
#§§§§§§D......
#..§§.#...####
#....)#.|...#
#.....#...#..>
####'##...# ##
#.# .... ###
#.# ..... ##.#
#.# ##.?..


You could see a steam dragon (catching breath).

Vanquished Creatures
  A hound (D:3)
  Terence (D:2)
  Robin (D:2)
  An adder (D:2)
  3 dart slugs
  3 endoplasms
  3 giant cockroaches
  11 goblins
  6 hobgoblins
  3 jackals (D:1)
  2 quokkas (D:1)
  6 ball pythons
  5 bats (D:2)
  A frilled lizard (D:2)
  6 kobolds (D:1)
  5 rats
58 creatures vanquished.

Vanquished Creatures (others)
  2 plants (D:2)
2 creatures vanquished.

Grand Total: 60 creatures vanquished

Notes
Turn   | Place    | Note
-------+----------+-------------------------------------------
     0 | D:1      | senseless the Octopode Transmuter began the quest for the
                  | Orb.
     0 | D:1      | Reached XP level 1. HP: 13/13 MP: 3/3
   125 | D:1      | Reached XP level 2. HP: 12/18 MP: 3/5
   424 | D:1      | Reached XP level 3. HP: 23/23 MP: 4/6
   725 | D:1      | Identified a scroll of acquirement
   725 | D:1      | Acquired the +5 Storm Queen's Shield {shock, Fly rElec}
   725 | D:1      | Found the +5 Storm Queen's Shield {shock, Fly rElec}
   949 | D:2      | Reached skill level 4 in Unarmed Combat
   958 | D:2      | Reached XP level 4. HP: 22/28 MP: 5/7
   958 | D:2      | Noticed Robin
   994 | D:2      | Killed Robin
  1043 | D:2      | Noticed Terence
  1049 | D:2      | Killed Terence
  1899 | D:3      | Reached skill level 1 in Stealth
  1899 | D:3      | Reached XP level 5. HP: 25/33 MP: 5/8
  1941 | D:3      | Noticed a steam dragon
  1948 | D:3      | HP: 1/33 [steam dragon (8)]
  1948 | D:3      | Slain by a steam dragon

Illustrated notes

Levels and vault maps discovered:
D:1:      psy_arrival_whirlpool, layout_basic
D:2:      layout_basic, guppyfry_early_lair_pool, uniq_terence, uniq_robin
D:3:      layout_basic

Skill      XL: |  1  2  3  4 |
---------------+-------------+-----
Unarmed Combat | 4 |  4.3
Transmutations | 3 |  3.1
Stealth        | 1 |  1.2
Fighting       | |  1.2
Dodging        | |  2.2
Shields        | |  0.7
Spellcasting   | |  2.6

Action                     |  1- 3 |  4- 6 || total
---------------------------+-------+-------++-------
  Melee: Unarmed           |    70 |    31 ||   101
         Kick              |    18 |     9 ||    27
         Constrict         |    20 |    10 ||    30
         Tentacles         |    11 |     8 ||    19
         Punch             |       |     1 ||     1
   Cast: Beastly Appendage |    20 |    11 ||    31
    Use: Scroll            |     6 |     5 ||    11
   Stab: Sleeping          |     1 |     4 ||     5
 Armour: Skin              |     2 |     1 ||     3
  Dodge: Dodged            |    27 |     8 ||    35
  Block: Kite shield       |    18 |     9 ||    27

Table legend: (Time is in decaauts)
 A = Elapsed time spent in this place.
 B = Non-inter-level travel time spent in this place.
 C = Inter-level travel time spent in this place.
 D = Time resting spent in this place.
 E = Time spent auto-exploring this place.
 F = Levels seen in this place.
 G = Mean time per level.
                   A        B        C        D        E       F      G
               +--------+--------+--------+--------+--------+-----+--------+
         Total |   1949 |   1899 |     50 |    100 |   1440 |   3 |  649.7 |
       Dungeon |   1949 |   1899 |     50 |    100 |   1440 |   3 |  649.7 |
               +--------+--------+--------+--------+--------+-----+--------+

Top non-repeatable levels by time:
     D:2: 846 daAuts
     D:1: 745 daAuts
     D:3: 358 daAuts
